 Dungeon Crawl Stone Soup version 0.22-a0-460-g49b1da7 (webtiles) character file.

9149 emperorscorpion the Cleaver (level 11, 0/93 HPs)
             Began as a Pale Draconian Gladiator on June 9, 2018.
             Was a Believer of Uskayaw.
             Slain by a manticore (2 damage)
             ... on level 11 of the Dungeon.
             The game lasted 00:20:35 (11679 turns).

emperorscorpion the Cleaver (DrGl)                 Turns: 11679, Time: 00:20:36

Health: 0/93       AC: 10    Str: 20    XL:     11   Next: 19%
Magic:  16/16      EV: 16    Int:  8    God:    Uskayaw [**....]
Gold:   540        SH:  0    Dex: 17    Spells: 6/10 levels left

rFire    . . .     SeeInvis +   a - +0 war axe (freeze)
rCold    . . .     Gourm    .   (no shield)
rNeg     . . .     Faith    .   (armour unavailable)
rPois    .         Spirit   .   b - +1 hat
rElec    .         Reflect  .   (no cloak)
rCorr    .         Harm     .   t - +0 pair of gloves
MR       .....                  k - +0 pair of boots
Stlth    +++.......             (no amulet)
HPRegen  0.25/turn              i - +4 ring of strength
MPRegen  0.15/turn              I - ring of see invisible

@: short of breath, drained
A: breathe steam, unfitting armour, cold-blooded, AC +7
a: Breathe Steam, Stomp, Line Pass, Renounce Religion


You were on level 11 of the Dungeon.
You worshipped Uskayaw.
Uskayaw was noncommittal.
You were hungry.

You visited 2 branches of the dungeon, and saw 12 of its levels.

You collected 540 gold pieces.

Inventory:

Hand Weapons
 a - a +0 war axe of freezing (weapon)
 C - a +1 scimitar of flaming
 K - a +1 hand axe of distortion
 R - a -1 flail
Missiles
 c - 3 throwing nets
 h - 5 tomahawks (quivered)
 j - 85 bolts
 l - 76 sling bullets
 m - 221 arrows
 p - 375 stones
 A - 6 poisoned needles
 F - 5 poisoned tomahawks
Armour
 b - a +1 hat (worn)
 k - a +0 pair of boots (worn)
 t - a +0 pair of gloves (worn)
Magical Staves
 y - an uncursed staff of power {unknown}
Jewellery
 i - a +4 ring of strength (left hand)
 w - an uncursed ring of ice
 E - an uncursed ring of protection from magic
 I - a ring of see invisible (right hand)
 N - an uncursed ring of magical power
 Q - an uncursed ring of wizardry {unknown}
 S - an uncursed ring of fire
Wands
 n - a wand of disintegration (20)
 u - a wand of polymorph (12)
 z - a wand of flame (28)
 H - a wand of digging (11)
 L - a wand of acid (13)
Scrolls
 f - a scroll of amnesia
 q - a scroll of immolation
 r - a scroll of random uselessness
 s - 4 scrolls of enchant weapon
 v - 2 scrolls of teleportation
 x - 2 scrolls of enchant armour
 B - 4 scrolls of fog
 G - a scroll of magic mapping
 M - 4 scrolls of remove curse
 T - a scroll of acquirement {unknown}
 U - a scroll of identify
Potions
 e - 2 potions of haste
 g - a potion of might
 o - 3 potions of berserk rage
 D - 3 potions of lignification
 J - 2 potions of mutation
 O - 2 potions of ambrosia
 P - a potion of resistance
 W - a potion of cancellation {unknown}
Comestibles
 d - 15 rations
 V - 3 chunks of flesh


   Skills:
 + Level 7.7(6.6) Fighting
 + Level 11.3(10.2) Axes
 + Level 2.3(1.4) Throwing
 + Level 6.9(5.9) Dodging
 + Level 7.0(6.0) Stealth
 * Level 0.7(0.0) Conjurations
 * Level 6.7(5.7) Invocations


You had 6 spell levels left.
You knew the following spells:

 Your Spells              Type           Power        Failure   Level  Hunger
a - Fulminant Prism       Conj/Hex       #.........   99%         4    #####..

Your spell library contained the following spells:

 Spells                   Type           Power        Failure   Level  Hunger
 Apportation              Tloc           #.....       41%         1    ##.....
 Bolt of Fire             Conj/Fire      #.........   100%        6    #######
 Summon Small Mammal      Summ           #...         41%         1    ##.....
 Bolt of Draining         Conj/Necr      #.........   100%        5    ######.
 Animate Skeleton         Necr           N/A          41%         1    ##.....
 Sting                    Conj/Pois      #...         41%         1    ##.....
 Confusing Touch          Hex            #.....       41%         1    ##.....
 Searing Ray              Conj           #.....       54%         2    ###....


Dungeon Overview and Level Annotations

Branches:
Dungeon (11/15)            Temple (1/1) D:5            Lair (0/6) D:9
    Orc (0/2) D:10

Altars:
Ashenzari
Cheibriados
Dithmenos
Elyvilon
Fedhas
Gozag
Hepliaklqana
Kikubaaqudgha
Makhleb
Nemelex Xobeh
Okawaru
Qazlal
Ru
Sif Muna
Trog
Uskayaw
Vehumet
Wu Jian
Xom
Yredelemnul
Zin
The Shining One

Annotations:
D:7 Nib's ghost, novice DrTm


Innate Abilities, Weirdness & Mutations

You can breathe blasts of scalding, opaque steam.
Your pale cyan-grey scales are hard. (AC +7)
You cannot fit into any form of body armour.
You are cold-blooded and may be slowed by cold attacks.


Message History

The manticore is engulfed in a cloud of scalding steam.
The manticore bites you! The manticore claws you. x2
You slash the manticore! You freeze the manticore.
The manticore is severely wounded.
The manticore is engulfed in a cloud of scalding steam.
The manticore bites you! The manticore claws you! The manticore claws you.
You can now pass through a line of other dancers.
You barely miss the manticore.
You tail-slap the manticore, but do no damage.
The manticore is almost dead.
The manticore is engulfed in a cloud of scalding steam.
The manticore bites you!!
* * * LOW HITPOINT WARNING * * *
The manticore claws you but does no damage.
The manticore claws you!
* * * LOW HITPOINT WARNING * * *
You barely miss the manticore.
The manticore is almost dead.
The manticore bites you.
You die...

### . ..# ..
##.# ... .ยง#
.... #H#
.....##@####.#
#............#
..#####.######
#.#####.#####
#...........#
#######.....#
.....# #.....#
.#.#.# #.....#
.....# #.....#
.....#


You could see a manticore.

Vanquished Creatures
  Erica (D:8)
  A two-headed ogre (D:10)
  A necromancer (D:9)
  5 slime creatures (D:8)
  A spriggan (D:7)
  A shadow (D:11)
  A wraith (D:11)
  A hungry ghost (D:10)
  A water moccasin (D:10)
  A porcupine (D:9)
  3 orc warriors
  7 black bears
  2 ice beasts (D:7)
  3 phantoms
  2 necrophages
  4 ogres
  4 centaurs
  2 crocodiles (D:9)
  A big kobold (D:10)
  9 bullfrogs
  A scorpion (D:9)
  3 troll zombies (D:10)
  7 killer bees (D:7)
  2 howler monkeys
  6 wights
  3 crimson imps
  A bullfrog zombie (D:8)
  3 centaur zombies
  3 hounds
  6 orc priests
  2 centaur skeletons
  A jelly (D:5)
  2 iguanas (D:5)
  7 orc wizards
  6 worker ants
  2 polar bear simulacra (D:9)
  3 yak simulacra (D:9)
  2 wolf simulacra (D:9)
  A killer bee zombie (D:6)
  5 ogre zombies (D:10)
  A hound zombie (D:11)
  A hound skeleton (D:9)
  A howler monkey skeleton (D:5)
  9 adders
  5 shadow imps
  An ooze (D:4)
  An adder zombie (D:5)
  2 adder skeletons (D:4)
  3 worms
  A dart slug (D:3)
  5 leopard geckos
  20 orcs
  6 giant cockroaches
  3 goblins
  7 hobgoblins
  5 jackals
  3 quokkas
  2 ball pythons
  12 bats
  5 frilled lizards
  5 goblin skeletons (D:10)
  3 goblin zombies (D:10)
  A jackal zombie (D:6)
  7 kobolds
  3 orc skeletons (D:10)
  11 orc zombies (D:10)
  11 rats
  4 river rat simulacra (D:9)
  7 fungi (D:9)
  2 plants (D:9)
264 creatures vanquished.

Vanquished Creatures (others)
  A goblin skeleton (D:10)
  2 orc zombies (D:10)
  9 fungi (D:9)
12 creatures vanquished.

Grand Total: 276 creatures vanquished

Notes
Turn   | Place    | Note
-------+----------+-------------------------------------------
     0 | D:1      | emperorscorpion the Draconian Gladiator began the quest for the Orb.
     0 | D:1      | Reached XP level 1. HP: 17/17 MP: 1/1
   519 | D:1      | Reached XP level 2. HP: 24/24 MP: 2/2
  1149 | D:2      | Reached XP level 3. HP: 19/30 MP: 3/3
  1534 | D:2      | Reached skill level 4 in Axes
  1545 | D:2      | Found a sparkling altar of Nemelex Xobeh.
  2078 | D:3      | Reached XP level 4. HP: 37/37 MP: 4/4
  3022 | D:4      | Noticed a bullfrog
  3032 | D:4      | Killed a bullfrog
  3032 | D:4      | Reached skill level 5 in Axes
  3032 | D:4      | Reached skill level 1 in Stealth
  3032 | D:4      | Reached XP level 5. HP: 22/45 MP: 5/5
  3497 | D:4      | Reached XP level 6. HP: 39/51 MP: 6/6
  3944 | D:5      | Entered Level 5 of the Dungeon
  4092 | D:5      | Found a radiant altar of Vehumet.
  4126 | D:5      | Reached skill level 6 in Axes
  4193 | D:5      | Found a sparkling altar of Nemelex Xobeh.
  4194 | D:5      | Found a basalt altar of Yredelemnul.
  4448 | D:5      | Your scales start taking on a pale cyan-grey colour.
  4448 | D:5      | Reached XP level 7. HP: 41/58 MP: 7/7
  4455 | D:5      | Found a staircase to the Ecumenical Temple.
  4462 | Temple   | Entered the Ecumenical Temple
  4708 | Temple   | Became a worshipper of Uskayaw the Reveler
  4923 | D:5      | You fall through a shaft!
  4926 | D:6      | Reached * piety under Uskayaw
  4957 | D:6      | Reached ** piety under Uskayaw
  5072 | D:5      | Found a shadowy altar of Dithmenos.
  5355 | D:6      | Reached skill level 7 in Axes
  5834 | D:6      | Found a stormy altar of Qazlal.
  6070 | D:6      | Reached XP level 8. HP: 67/67 MP: 8/8
  6170 | D:6      | Reached skill level 8 in Axes
  6576 | D:7      | Reached skill level 5 in Dodging
  6576 | D:7      | Reached skill level 5 in Fighting
  6744 | D:7      | Found a snail-covered altar of Cheibriados.
  6854 | D:7      | Noticed Nib's ghost (novice DrTm)
  7101 | D:7      | Reached *** piety under Uskayaw
  7133 | D:7      | Reached skill level 1 in Invocations
  7133 | D:7      | Reached XP level 9. HP: 75/75 MP: 9/9
  7211 | D:7      | Reached skill level 9 in Axes
  8455 | D:8      | Noticed Erica
  8463 | D:8      | Killed Erica
  8463 | D:8      | Reached skill level 5 in Stealth
  8810 | D:8      | Reached skill level 10 in Axes
  8810 | D:8      | Reached XP level 10. HP: 68/84 MP: 13/13
  9559 | D:9      | Found a staircase to the Lair.
  9583 | D:9      | Reached **** piety under Uskayaw
  9586 | D:9      | Reached ***** piety under Uskayaw
  9607 | D:9      | Reached ****** piety under Uskayaw
  9613 | D:9      | Reached skill level 5 in Invocations
  9946 | D:9      | Noticed a necromancer
  9949 | D:9      | Killed a necromancer
 10133 | D:9      | Found a hazy altar of Hepliaklqana.
 10489 | D:10     | Entered Level 10 of the Dungeon
 10489 | D:10     | Found a staircase to the Orcish Mines.
 10805 | D:10     | Reached skill level 11 in Axes
 11038 | D:10     | Found a shimmering altar of Xom.
 11090 | D:10     | Reached XP level 11. HP: 92/92 MP: 15/15
 11113 | D:10     | Noticed a two-headed ogre
 11119 | D:10     | Killed a two-headed ogre
 11304 | D:10     | Identified Vehumet's Collected Works on Damage Dealing
 11308 | D:10     | Found a burning altar of Makhleb.
 11314 | D:10     | Learned a level 4 spell: Fulminant Prism
 11678 | D:11     | HP: 1/93 [manticore (8)]
 11679 | D:11     | Slain by a manticore

Vault maps used:
D:1:      mrwooster_arrival_statue_3
D:2:      first_ration, minmay_hexomino_r4
D:4:      wad_pebble_path, kennysheep_generic_room_4
D:5:      nicolae_overflow_hidden_temple, minmay_temple_entry_statues_pillars
D:6:      minmay_diamond_boxcup, kennysheep_little_box, serial_glass,
          glass_columns_a, glass_columns_b
D:7:      kennysheep_mini_moat, the_bakery
D:8:      uniq_erica
D:9:      nicolae_overflow_crystal_walls, due_lair_maze_entry_diamond,
          eino_house_with_fridge
D:10:     zombieorc2_lemuel, basic_altar, hangedman_decor_riveting,
          bloody_makhleb
D:11:     uniq_josephine
Temple:   regret_index_temple_waves

Skill      XL: |  1  2  3  4  5  6  7  8  9 10 11 |
---------------+----------------------------------+-----
Dodging        | 3 4 5 6 |  6.9
Throwing       | 2 |  2.3
Axes           | 4 5 6 7 8 10 11 | 11.3
Fighting       | 3 4 5 6 7 |  7.7
Stealth        | 1 2 3 5 6 7 |  7.0
Invocations    | 1 4 6 |  6.7
Conjurations   | |  0.7

Action                   |  1- 3 |  4- 6 |  7- 9 | 10-12 || total
-------------------------+-------+-------+-------+-------++-------
Melee: War axe           |   145 |   138 |   146 |   188 ||   617
       Tailslap          |    13 |    14 |    25 |    40 ||    92
Throw: Tomahawk          |       |       |     3 |     5 ||     8
Invok: Stomp             |       |       |       |     1 ||     1
       Grand Finale      |       |       |       |     1 ||     1
 Abil: Breathe Steam     |       |       |    36 |    27 ||    63
  Use: Scroll            |       |     6 |     8 |     7 ||    21
       Potion            |       |     2 |     1 |     2 ||     5
 Stab: Sleeping          |     1 |     3 |     7 |     6 ||    17
       Paralysed         |       |       |     1 |    28 ||    29
  Eat: Chunk             |     4 |     7 |    18 |    11 ||    40
       Ration            |       |       |       |     1 ||     1
Armor: Skin              |    50 |    48 |    52 |    57 ||   207
Dodge: Dodged            |   120 |   112 |   114 |   146 ||   492

Table legend:
 A = Spawn XP
 B = Non-spawn XP
 C = Spawn XP percentage of total XP
 D = Spawn monster count
 E = Non-spawn monster count
 F = Spawn count percentage of total count
 G = Total turns spent on level
                    A         B        C        D         E        F      G
               +---------+---------+-------+---------+---------+-------+---------
         Total |       0 |   13071 |   0.0 |       0 |     255 |   0.0 | 11679
               +---------+---------+-------+---------+---------+-------+---------
           D:1 |       0 |      25 |   0.0 |       0 |      17 |   0.0 |  1050
           D:2 |       0 |      64 |   0.0 |       0 |      24 |   0.0 |  1034
           D:3 |       0 |     102 |   0.0 |       0 |      18 |   0.0 |  1105
           D:4 |       0 |     219 |   0.0 |       0 |      12 |   0.0 |   755
           D:5 |       0 |     449 |   0.0 |       0 |      16 |   0.0 |   949
           D:6 |       0 |    1066 |   0.0 |       0 |      16 |   0.0 |  1555
           D:7 |       0 |    1638 |   0.0 |       0 |      26 |   0.0 |  1066
           D:8 |       0 |    3361 |   0.0 |       0 |      29 |   0.0 |  1780
           D:9 |       0 |    2862 |   0.0 |       0 |      39 |   0.0 |  1224
          D:10 |       0 |    2827 |   0.0 |       0 |      51 |   0.0 |   789
          D:11 |       0 |     458 |   0.0 |       0 |       7 |   0.0 |   109
               +---------+---------+-------+---------+---------+-------+---------
